AoeStats
← TheQuietRiot

Arena

508615804Analyzed
1v1 RM · 9d ago on Sep 23, 2026· 40m 36s· 2 players
Game mode
Random Map
Map size
Tiny (2 player)
Population
200
Speed
Normal
Resources
Standard
Victory
Conquest
Starting age
Dark Age
Ending age
Imperial Age
RankedLock teamsTeams togetherTeam positionsShared explorationLock speedFull tech treeHidden civsTurbo modeCheats
Victory
Defeat
🇬🇧 Saxons · United Kingdom
940
+15
🇮🇹 Malay · Italy
929
-15
aggiusto
3:47 Loom
11:54 Feudal Age
12:35 Double-Bit Axe
17:15 Castle Age
17:18 Gold Mining
17:10 Horse Collar
17:56 Stone Mining
19:39 Bow Saw
20:12 Heavy Plow
27:04 Forging
29:13 Loom
29:14 Town Watch
30:05 Wheelbarrow
30:10 Iron Casting
35:27 Imperial Age
36:27 Conscription
37:07 Squires
36:52 Arson
36:35 Elite Battle Elephant
37:16 Husbandry
37:24 Husbandry
39:11 Elite Skirmisher
39:57 Thumb Ring
40:21 Thumb Ring
TheQuietRiot
9:31 Feudal Age
9:01 Loom
10:09 Double-Bit Axe
16:13 Castle Age
17:09 Bow Saw
20:20 Wheelbarrow
22:16 Forging
22:08 Scale Mail Armor
25:18 Fletching
26:06 Iron Casting
27:07 Gold Mining
27:07 Stone Mining
26:43 Elite Skirmisher
28:30 Thumb Ring
28:53 Town Watch
29:10 Horse Collar
30:58 Ballistics
33:11 Imperial Age
31:01 Hand Cart
31:34 Squires
32:53 Gambesons
32:29 Pikeman
35:10 Town Patrol
36:15 Two-Man Saw
36:09 Gold Shaft Mining
35:04 Shield Wall
36:06 Conscription
36:25 Squires
35:48 Elite Varangian Guard
37:19 Chain Mail Armor
36:55 Elite Hearth Troop
37:30 Arson
39:53 Pikeman
41:34 Plate Mail Armor
41:00 Bodkin Arrow
41:06 Padded Archer Armor
Connection lost

Rejoining the realm…

Still unreachable

The connection could not be restored.

Session expired

The server has moved on; the page needs a fresh start.